 Dungeon Crawl Stone Soup version 0.02-122-g12e50fee3c (webtiles) character file.

Game seed: 14792460755267524628, levelgen mode: deterministic

46 Lanoc the Skirmisher (level 3, -1/31 HPs) Immature Draconian Demonspawn. Began on Oct 3, 2020. Splashed by a jelly's acid (8 damage) ... on level 2 of the Dungeon. The game lasted 00:01:46 (273 turns).

Lanoc the Skirmisher (Immature Draconian Demonspawn) Turns: 273, Time: 00:01:47

Health: -1/31      AC:  2    Str: 16    XL:     3 ^: 30
Magic:  7/7        EV: 13    Int: 12    God:
Gold:   7          SH:  0    Dex: 11    Spells: 6/7 levels left

rFire    . . .     Vision   .   a - +0 long sword
rCold    . . .     Gourm    .   (no weapon)
rNeg     . . .     Faith    .   (armour unavailable)
rPois    .         Spirit   .   (helmet restricted)
rElec    .         Reflect  .   (no cloak)
rCorr    .         Harm     .   (no gloves)
MR       .....                  (no boots)
Stlth    +.........             (no amulet)
HPRegen  0.20/turn              (no ring)
MPRegen  0.17/turn              (no ring)

@: corroded, very slow
A: no body armour, unfitting armour, powered by pain 1, spiny 1, cold-blooded,
AC +6
a: Breathe Dart


You were on level 2 of the Dungeon.
You were not hungry.

You visited 1 branch of the dungeon, and saw 2 of its levels.

You collected 7 gold pieces.

Inventory:

Weapons
 a - a +0 long sword (weapon)
Scrolls
 b - a scroll of magic mapping
Comestibles
 c - a ration


   Skills:
 + Level 3.6 Fighting
 - Level 1.5 Long Blades
 + Level 3.0 Dodging
 - Level 1.3 Stealth
 - Level 2.6 Spellcasting
   Level 3.0 Invocations


You had 6 spell levels left.
You knew the following spells:

 Your Spells              Type           Power        Failure   Level  Hunger
a - Flame Tongue          Fire           1 (40)       26%         1    #......

Your spell library contained the following spells:

 Spells                   Type           Power        Failure   Level  Hunger
 Blink                    Tloc           N/A          36%         2    ###....
 Call Imp                 Summ           1 (100)      36%         2    ###....
 Slow                     Hex            1 (100)      36%         2    ###....
 Conjure Flame            Fire           1 (100)      58%         3    ###....
 Mephitic Cloud           Pois/Air       1 (100)      58%         3    ###....


Dungeon Overview and Level Annotations

Branches:
Dungeon (2/8)

Altars:


Innate Abilities, Weirdness & Mutations

You cannot fit into any form of body armour.
Your plain brown scales are hard. (AC +6)
You can breathe rudimentary magical darts.
You sometimes gain a little power by taking damage.
You are partially covered in sharp spines.
You are cold-blooded and may be slowed by cold attacks.


Message History

The jelly misses you (0). The jelly hits you (3). The acid corrodes you!
You are splashed with acid (10)!
* * * LOW HITPOINT WARNING * * *
The sewer rat misses you (0).
You enter the shallow water.
Moving in this stuff is going to be slow.
A bat comes into view.
The sewer rat bites the withered plant (3).
The jelly barely misses you (0). The bat barely misses you (0).
You riposte.
Your unstable footing causes you to fumble your attack.
You see here a worm corpse.
You hit the bat (5).
You kill the bat!
The withered plant blocks the sewer rat's attack.
The sewer rat bites the withered plant (3).
The withered plant is destroyed!
The jelly hits you (1).
* * * LOW HITPOINT WARNING * * *
You are splashed with acid (8)!
You die...

#≈≈≈≈≈†# #≈w≈≈≈.#
#...≈.Z#
##.)≈≈≈.#
#.≈.≈≈≈.#
##..≈rrr#
#≈b≈≈rr# #≈≈≈≈rJ#
##≈≈≈PP@#
###.≈≈≈P†.#####
≈≈≈;≈≈≈<≈≈≈≈≈≈≈≈≈
≈≈≈≈≈≈..≈≈≈≈≈≈≈≈≈
≈≈≈≈...≈≈≈≈≈≈≈≈≈≈
..≈≈PP..;≈≈≈≈≈J≈≈
.≈≈≈P≈PPP≈≈≈≈≈≈≈≈
≈≈≈≈b≈≈≈≈≈≈≈≈≈≈≈≈
≈≈≈≈≈≈≈≈≈≈≈≈≈....


You could see a worm, a jelly, 6 sewer rats, a goblin skeleton and 2 neutral
slimeheads (passive).

Vanquished Creatures
  A cinder newt (D:1)
  A worm (D:2)
  An ooze (D:1)
  2 dart slugs (D:1)
  3 giant cockroaches
  3 goblins (D:1)
  2 hobgoblins (D:1)
  6 bats
  3 kobolds (D:1)
  5 rats
27 creatures vanquished.

Vanquished Creatures (others)
  A sewer rat (D:2)
  15 withered plants (D:2)
16 creatures vanquished.

Grand Total: 43 creatures vanquished

Notes
Turn   | Place    | Note
-------+----------+-------------------------------------------
     0 | D:1      | Lanoc the Immature Draconian Demonspawn began the quest for
                  | the Orb.
     0 | D:1      | Reached XP level 1. HP: 18/18 MP: 4/4
    64 | D:1      | Gained mutation: You are partially covered in sharp spines.
                  | [demonic ancestry]
    64 | D:1      | Reached XP level 2. HP: 25/25 MP: 5/5
   142 | D:1      | Gained mutation: You sometimes gain a little power by
                  | taking damage. [demonic ancestry]
   142 | D:1      | Reached XP level 3. HP: 22/31 MP: 7/7
   273 | D:2      | Splashed by a jelly's acid

Levels and vault maps discovered:
D:1:      dpeg_arrival_subterranean_lakeside_camping, layout_loops_corners
D:2:      layout_sewer, serial_column_ruins, column_ruins_columns_straight,
          column_ruins_grid_1, column_ruins_columns_corner,
          column_ruins_open_medium, column_ruins_open_medium, uniq_robin

Skill      XL: |  1  2  3 |
---------------+----------+-----
Fighting       | 3 |  3.6
Dodging        | 3 |  3.0
Long Blades    | |  1.5
Stealth        | |  1.3
Spellcasting   | |  2.6
Invocations    | |  3.0

Action                   || total
-------------------------++-------
Melee: Long sword        ||    41
       Unarmed           ||    31
       Tailslap          ||     6
 Stab: Sleeping          ||     1
Armor: Skin              ||    13
Dodge: Dodged            ||    34
       Rpst.: Long sword ||    14
       Unarmed           ||     9
